 Dungeon Crawl Stone Soup version bcrawl-1.20 (webtiles) character file.

Game seed: 17869239674467167507

1237 Revguard the Basher (level 8, -3/126 HPs)
             Began as an Ogre Berserker on Jan 23, 2020.
             Was a Priest of Trog.
             Slain by a troll (7 damage)
             ... on level 5 of the Dungeon.
             The game lasted 00:14:20 (4487 turns).

Revguard the Basher (Ogre Berserker)                Turns: 4487, Time: 00:14:21

Health: -3/126     AC:  6    Str: 27    XL:     8   Next: 49%
Magic:  10/10      EV: 11    Int:  8    God:    Trog [***...]
Gold:   56         SH:  2    Dex: 10    Spells: 7/7 levels left

rFire    . . .     SeeInvis +   s - +0 giant spiked club
rCold    . . .     Gourm    .   (shield currently unavailable)
rNeg     . . .     Faith    .   d - +1 robe
rPois    .         Spirit   .   (helmet restricted)
rElec    .         Reflect  +   (no cloak)
rCorr    .         Harm     .   (gloves unavailable)
MR       .....                  (boots unavailable)
Stlth    ..........             n - +2 amulet of reflection
HPRegen  0.31/turn              h - ring of see invisible
MPRegen  0.12/turn              i - +2 ring of protection

@: berserking (expiring), very quick
A: large, unfitting armour, tough skin 1
a: Berserk, Trog's Hand, Renounce Religion


You were on level 5 of the Dungeon.
You worshipped Trog.
Trog was most pleased with you.
You were hungry.

You visited 1 branch of the dungeon, and saw 5 of its levels.

You collected 196 gold pieces.
You spent 140 gold pieces at shops.

Inventory:

Hand Weapons
 a - a +0 mace
 p - a +0 morningstar
 s - a +0 giant spiked club (weapon)
Missiles
 v - a throwing net (quivered) {!f}
Armour
 d - a +1 robe (worn)
Jewellery
 h - a ring of see invisible (left hand)
 i - a +2 ring of protection (right hand)
 n - a +2 amulet of reflection (around neck)
Wands
 g - a wand of flame (17)
 r - a wand of polymorph (9)
 w - a wand of iceblast (6)
Scrolls
 c - 2 scrolls of remove curse
 f - 3 scrolls of teleportation
Potions
 b - a potion of lignification
 j - a potion of haste
 k - a potion of cancellation
 l - 4 potions of curing
 o - a potion of magic
 x - a potion of agility
Comestibles
 e - 5 rations {!d}
 m - 3 chunks of flesh


   Skills:
 + Level 6.6 Fighting
 + Level 9.0 Maces & Flails
 + Level 4.7 Dodging
 * Level 3.2 Evocations


You had 7 spell levels left.
You didn't know any spells.
Your spell library was empty.

Dungeon Overview and Level Annotations

Branches:
Dungeon (5/12)
 Temple: D:4-7

Altars:
Ashenzari
Hepliaklqana
Nemelex Xobeh
Sif Muna
Uskayaw
Vehumet
Yredelemnul
The Shining One

Shops:
D:4 }


Innate Abilities, Weirdness & Mutations

You are too large for most types of armour.
You have tough skin. (AC +1)


Message History

The troll closely misses you. The troll misses you. The troll claws you.
The troll bites you! The troll completely misses you. The troll claws you.
You closely miss the troll.
The troll is almost dead.
The troll barely misses you. The troll misses you.
You block the troll's attack.
You barely miss the troll.
The troll is almost dead.
The troll bites you!!
* * * LOW HITPOINT WARNING * * *
The troll misses you. The troll claws you!
* * * LOW HITPOINT WARNING * * *
You hit the troll.
The troll is almost dead.
The troll bites you!
* * * LOW HITPOINT WARNING * * *
The troll claws you.
* * * LOW HITPOINT WARNING * * *
The troll claws you!
You die...

###.####..#...
................
...............[.
#.................
#.$...............
##...............
.......$.##T..#
#..........@.#
.............#
#...........# ..#
.#.........# ....
#....[....##
.....#..........<.
##.........รทรท.....##..
.. ................... #
########.###########


You could see a troll.

Vanquished Creatures
  A sky beast (D:4)
  2 ogres
  A centaur (D:5)
  A bullfrog (D:5)
  A water moccasin skeleton (D:5)
  5 wights (D:4)
  3 crimson imps
  A howler monkey (D:5)
  2 jellies (D:4)
  2 orc wizards (D:4)
  Ijyb (D:3)
  2 iguanas (D:5)
  2 worker ants (D:5)
  2 hound skeletons
  2 worker ant zombies (D:5)
  3 adders
  A shadow imp (D:4)
  An ooze (D:4)
  2 adder skeletons
  3 worms
  6 leopard geckos
  3 orcs
  3 bats
  3 giant cockroaches
  11 hobgoblins
  3 jackals
  11 kobolds
  4 quokkas
  4 frilled lizards
  7 goblins
  A jackal zombie (D:5)
  A leopard gecko skeleton (D:4)
  A quokka zombie (D:5)
  6 rats
102 creatures vanquished.

Vanquished Creatures (others)
  A plant (D:5)
1 creature vanquished.

Grand Total: 103 creatures vanquished

Notes
Turn   | Place    | Note
-------+----------+-------------------------------------------
     0 | D:1      | Revguard the Ogre Berserker began the quest for the Orb.
     0 | D:1      | Reached XP level 1. HP: 24/24 MP: 1/1
   498 | D:1      | Reached XP level 2. HP: 29/32 MP: 2/2
   540 | D:1      | Reached skill level 4 in Maces & Flails
   969 | D:1      | Reached XP level 3. HP: 37/40 MP: 3/3
  1105 | D:2      | Found a shimmering blue altar of Sif Muna.
  1255 | D:2      | Found a radiant altar of Vehumet.
  1305 | D:2      | Found a hide-covered altar of Uskayaw.
  1422 | D:2      | Found a faded altar of an unknown god.
  1526 | D:2      | Reached ** piety under Trog
  1743 | D:2      | Reached XP level 4. HP: 48/49 MP: 4/4
  2057 | D:3      | Noticed Ijyb
  2062 | D:3      | Noticed an ogre
  2067 | D:3      | Killed Ijyb
  2070 | D:3      | Killed an ogre
  2070 | D:3      | Reached skill level 5 in Fighting
  2070 | D:3      | Reached skill level 5 in Maces & Flails
  2070 | D:3      | Reached skill level 1 in Evocations
  2070 | D:3      | Reached XP level 5. HP: 35/57 MP: 5/5
  2107 | D:3      | HP: 2/57 [poisoned by a kobold]
  2115 | D:3      | HP: 1/57 [poisoned by a kobold]
  2123 | D:3      | HP: 1/57 [poisoned by a kobold]
  2507 | D:3      | Reached XP level 6. HP: 50/66 MP: 5/7
  2979 | D:3      | Found a shattered altar of Ashenzari.
  3155 | D:4      | Found Yjiceced's Gadget Emporium.
  3163 | D:4      | Bought a wand of iceblast (6) for 140 gold pieces
  3196 | D:4      | Reached skill level 6 in Maces & Flails
  3252 | D:4      | Reached XP level 7. HP: 63/72 MP: 8/8
  3257 | D:4      | Reached *** piety under Trog
  3682 | D:4      | Reached skill level 7 in Maces & Flails
  3761 | D:4      | Found a basalt altar of Yredelemnul.
  3762 | D:4      | Found a glowing golden altar of the Shining One.
  3816 | D:4      | Found a hazy altar of Hepliaklqana.
  3936 | D:4      | Reached skill level 8 in Maces & Flails
  3936 | D:4      | Reached XP level 8. HP: 75/83 MP: 8/10
  4042 | D:5      | Entered Level 5 of the Dungeon
  4127 | D:5      | Found a sparkling altar of Nemelex Xobeh.
  4456 | D:5      | Reached skill level 9 in Maces & Flails
  4477 | D:5      | Noticed a troll
  4487 | D:5      | HP: 5/126 [troll (9)]
  4487 | D:5      | Slain by a troll

Skill      XL: |  1  2  3  4  5  6  7  8 |
---------------+-------------------------+-----
Maces & Flails | 4 5 6 8 9 |  9.0
Dodging        | 3 4 |  4.7
Fighting       | 5 6 |  6.6
Evocations     | 1 2 3 |  3.2

Action                   |  1- 3 |  4- 6 |  7- 9 || total
-------------------------+-------+-------+-------++-------
Melee: Mace              |   120 |       |       ||   120
       Morningstar       |    24 |    38 |       ||    62
       Giant spiked club |       |    71 |   113 ||   184
Throw: Throwing net      |       |       |     1 ||     1
Invok: Berserk           |     1 |     2 |     3 ||     6
       Trog's Hand       |       |     2 |     2 ||     4
  Use: Scroll            |       |       |     9 ||     9
       Potion            |       |       |     3 ||     3
  Eat: Chunk             |     3 |     7 |     5 ||    15
       Ration            |       |       |     1 ||     1
Armor: Robe              |    75 |    52 |    54 ||   181
Dodge: Dodged            |   126 |    82 |   115 ||   323
Block: Other             |       |     8 |    17 ||    25
